 Seeded DCSS version 0.29.1-1-gd02db6906a (webtiles) character file.

Game seed: 11355732149685707320 (custom seed)

53 gzilladon the Chopper (level 3, -6/33 HPs)
             Began as a Hill Orc Monk on Sept 28, 2022.
             Was a Believer of Beogh.
             Mangled by a gnoll
             ... wielding a +0 halberd
              (7 damage)
             ... on level 3 of the Dungeon.
             The game lasted 00:03:07 (1020 turns).

gzilladon the Chopper (Hill Orc Monk)               Turns: 1020, Time: 00:03:08

Health: -6/33      AC:  6    Str: 15    XL:     3   Next: 89%
Magic:  3/3        EV:  5    Int: 10    God:    Beogh [**....]
Gold:   8          SH: 10    Dex: 13    Spells: 2/2 levels left

rFire   . . .      SeeInvis .   a - +0 hand axe
rCold   . . .      Faith    .   f - +0 tower shield
rNeg    . . .      Spirit   .   d - +0 scale mail
rPois   .          Reflect  .   (no helmet)
rElec   .          Harm     .   (no cloak)
rCorr   .          Rampage  .   (no gloves)
Will    .....                   (no boots)
Stlth   ..........              (no amulet)
HPRegen 0.11/turn               (no ring)
MPRegen 0.08/turn               (no ring)

@: no status effects
A: no striking features
a: Renounce Religion, Smiting


You were on level 3 of the Dungeon.
You worshipped Beogh.
Beogh was pleased with you.
You visited 1 branch of the dungeon, and saw 3 of its levels.

You collected 8 gold pieces.

Inventory:

Hand Weapons
 a - a +0 hand axe (weapon)
Armour
 b - a +0 robe
 d - a +0 scale mail (worn)
 f - a +0 tower shield (worn)
Scrolls
 c - a scroll of magic mapping {unknown}
 e - 2 scrolls of identify {unknown}
 g - a scroll of blinking {unknown}
Potions
 h - a potion of lignification {unknown}


   Skills:
 + Level 3.9 Fighting
 * Level 5.1 Axes
 + Level 0.4 Armour
 + Level 3.0 Dodging
 - Level 1.5 Stealth
 + Level 0.3 Shields


You had 2 spell levels left.
You didn't know any spells.
Your spell library was empty.

Dungeon Overview and Level Annotations

Branches:
Dungeon (3/15)

Altars:
The Shining One


Message History

You slash the orc!
You kill the orc!
Beogh accepts your kill.
Your Dodging skill increases to level 3!
You hear the rusting of a very distant drain.
You see here a +0 ring mail.
You hear the brisk rusting of a very distant drain.
You see here 4 stones.
You now have 8 gold pieces.
You see here 4 stones.
Found a stone staircase leading down.
You hear the brisk rusting of a drain nearby.
A ball python comes into view.
The ball python hisses angrily.
The ball python bites you. You block the ball python's attack.
The ball python completely misses you. The ball python grabs you.
The ball python constricts you.
You escape the ball python's grasp.
The ball python closely misses you. You block the ball python's attack. x2
The ball python barely misses you.
You hit the ball python.
You kill the ball python!
Beogh accepts your kill.
Found a scroll labelled TEWNOK XUCVAE.
c - a scroll labelled TEWNOK XUCVAE A gnoll comes into view.
It is wielding a +0 halberd.
The gnoll shouts!
You hear a shout!
A gnoll comes into view. It is wielding a +0 club.
A gnoll comes into view. It is wielding a +0 flail.
The gnoll barely misses you. The gnoll hits you with a +0 halberd!
You barely miss the gnoll. You hit the gnoll.
The gnoll hits you but does no damage. You block the gnoll's attack. x2
You closely miss the gnoll. You hit the gnoll.
The gnoll hits you with a +0 club. The gnoll hits you with a +0 halberd.
You closely miss the gnoll. You hit the gnoll.
You hit the gnoll but do no damage. The gnoll hits you with a +0 flail!
* * * LOW HITPOINT WARNING * * *
You block the gnoll's attack. The gnoll hits you with a +0 halberd!
You die...

...##.#..#
.........####
....#.......#
#.#.#..#.##.#####
#.#.#..#.##.#... #
#.........#.#.#### .#
###.#..##........##..#
###.#..####.#.##gg...#
....#.......#...@g..#
#####################
# # # # # . #


You could see 3 gnolls.

Vanquished Creatures
  3 adders (D:2)
  A worm (D:2)
  An orc (D:3)
  2 endoplasms
  3 giant cockroaches
  4 goblins
  3 hobgoblins (D:2)
  A ball python (D:3)
  2 frilled lizards
  A kobold (D:2)
21 creatures vanquished.

Vanquished Creatures (others)
  An orc (D:3)
1 creature vanquished.

Grand Total: 22 creatures vanquished

Notes
Turn   | Place    | Note
-------+----------+-------------------------------------------
     0 | D:1      | gzilladon the Hill Orc Monk began the quest for the Orb.
     0 | D:1      | Reached XP level 1. HP: 19/19 MP: 1/1
   179 | D:2      | Reached XP level 2. HP: 25/27 MP: 2/2
   289 | D:2      | Reached XP level 3. HP: 5/33 MP: 3/3
   526 | D:2      | Reached skill level 5 in Axes
   707 | D:3      | Found a glowing golden altar of the Shining One.
   858 | D:3      | Became a worshipper of Beogh the Brigand
   858 | D:3      | Reached * piety under Beogh
   858 | D:3      | Reached ** piety under Beogh
  1020 | D:3      | HP: 1/33 [gnoll/+0 flail (11)]
  1020 | D:3      | Mangled by a gnoll

Illustrated notes

Levels and vault maps discovered:
D:1:      onia_arrival_pyramid, layout_basic, serial_shops, shop,
          hellmonk_ecumenical_altar_zigzags, minmay_misc_feat_cross
D:2:      layout_basic, fountainhead
D:3:      layout_loops_cross, mainiacjoe_overflow_boulevard,
          nemelex_diamond_rough_becter, mainiacjoe_overflow_tiny_flanked,
          trog_book, lightli_sewer_entry_pipes

Skill      XL: |  1  2  3 |
---------------+----------+-----
Axes           | 5 |  5.1
Dodging        | 3 |  3.0
Fighting       | |  3.9
Armour         | |  0.4
Stealth        | |  1.5
Shields        | |  0.3

Action                   || total
-------------------------++-------
Melee: Hand axe          ||    83
       Punch             ||     1
Invok: Convert to Beogh  ||     1
  Use: Potion            ||     1
Armor: Scale mail        ||    51
Dodge: Dodged            ||    40
Block: Tower shield      ||    38
